 Dungeon Crawl Stone Soup version 0.32-a0-986-ga09f62fbf4 (webtiles) character file.

Game seed: 3229187362308383681

50 Lochraine the Chiller (level 3, 0/24 HPs)
             Began as a Merfolk Ice Elementalist on Apr 21, 2024.
             Incinerated by a bombardier beetle (6 damage)
             ... with a burning spray
             ... on level 4 of the Dungeon.
             The game lasted 00:14:08 (2921 turns).

Lochraine the Chiller (Merfolk Ice Elementalist)    Turns: 2921, Time: 00:14:09

Health: 0/24       AC:  2    Str:  8    XL:     3   Next: 79%
Magic:  1/7        EV: 11    Int: 16    God:
Gold:   154        SH:  0    Dex: 14    Spells: 1/8 levels left

rFire   . . .        e - +0 dagger
rCold   . . .        (no shield)
rNeg    . . .        a - +0 robe
rPois   .            (no helmet)
rElec   .            (no cloak)
rCorr   .            (no gloves)
SInv    .            (no boots)
Will    .....        (no amulet)
Stlth   +            (no ring)
HPRegen 0.24/turn    (no ring)
MPRegen 0.10/turn

%: no passive effects
@: on fire, glowing
A: (nimble swimmer 2), mertail
a: no special abilities


You were on level 4 of the Dungeon.
You visited 1 branch of the dungeon, and saw 4 of its levels.

You collected 154 gold pieces.

Inventory:

Hand Weapons
 e - a +0 dagger (weapon)
   (You took it off a goblin on level 1 of the Dungeon)
Armour
 a - a +0 robe (worn)
 c - a +0 leather armour
   (You found it on level 1 of the Dungeon)
 h - a +0 leather armour
   (You found it on level 1 of the Dungeon)
 j - a +0 leather armour
   (You found it on level 2 of the Dungeon)
 k - a +0 ring mail
   (You found it on level 2 of the Dungeon)
 m - a +0 leather armour
   (You found it on level 3 of the Dungeon)
 n - a +0 ring mail
   (You found it on level 3 of the Dungeon)
Scrolls
 f - a scroll of poison {!r}
 i - 2 scrolls of teleportation {@r4}
 l - a scroll of identify {@r1}
Potions
 b - a potion of magic
 d - a potion of brilliance {unknown}
 g - a potion of might


   Skills:
 - Level 2.6 Dodging
 - Level 2.1 Stealth
 + Level 3.0 Spellcasting
 + Level 5.1 Ice Magic


You had one spell level left.
You knew the following spells:

 Your Spells              Type           Power      Damage    Failure   Level
a - Freeze                Ice            76%        1d8       2%          1
b - Frozen Ramparts       Ice            38%        1d6       7%          3
c - Ozocubu's Armour      Ice            19%        N/A       7%          3

Your spell library contained the following spells:

 Spells                   Type           Power      Damage    Failure   Level
 Summon Ice Beast         Ice/Summ       10%        N/A       19%         3
 Call Imp                 Summ           4%         N/A       28%         2
 Sublimation of Blood     Necr           2%         N/A       28%         2
 Fugue of the Fallen      Necr           2%         N/A       50%         3
 Cause Fear               Hex            1%         N/A       88%         4
 Fireball                 Conj/Fire      1%         3d3       99%         5
 Manifold Assault         Tloc           1%         N/A       100%        7
 Summon Hydra             Summ           1%         N/A       100%        7
 Dragon's Call            Summ           1%         N/A       100%        9


Dungeon Overview and Level Annotations

Branches:
Dungeon (4/15)
 Temple: D:4-7

Altars:
Ashenzari

Annotations:
D:2 Sigmund
D:3 1 runed translucent door, Bliebski's ghost, amateur OpCK


Innate Abilities, Weirdness & Mutations

((You are very nimble when in or above water. (Stealth+, EV+, Speed+++)))
Your lower body shifts to a powerful aquatic tail in water.


Message History

Bliebski's ghost shrieks, "Very impressive.
But it won't help.
Nothing will."
There is a stone staircase leading down here.
You climb downwards.
There is a stone staircase leading up here.
A bombardier beetle comes into view.
You can't see any susceptible monsters within range! (Use Z to cast anyway.) Unknown command.
Unknown command.
A film of ice covers your body!
Press: ? - help, Dir - look around, f - activate You miscast Frozen Ramparts.
You are very lightly contaminated with residual magic.
Nothing appears to happen.
Press: ? - help, Shift-Dir - straight line, f - bombardier beetle
Aim: a bombardier beetle You freeze the bombardier beetle.
Press: ? - help, Shift-Dir - straight line, f/p - bombardier beetle
Aim: a bombardier beetle (lightly wounded)
You freeze the bombardier beetle.
The bombardier beetle bites you but does no damage.
You don't have enough magic to cast this spell.
You barely miss the bombardier beetle.
You hit the bombardier beetle but do no damage.
The bombardier beetle barely misses you.
You closely miss the bombardier beetle.
The bombardier beetle sprays incendiary fluid at you.
The burning spray hits you.
You are covered in liquid fire!
The heat melts your icy armour.
You hit the bombardier beetle. The liquid fire burns you!
The heat melts your icy armour.
Your icy armour cracks and falls away as you move.
You shake off some of the fire as you move.
The liquid fire burns you!
Your magical contamination has completely faded away.
You shake off some of the fire as you move.
The liquid fire burns you!
The bombardier beetle sprays incendiary fluid at you.
The burning spray hits you.
You are even more covered in liquid fire!
You shake off some of the fire as you move.
The liquid fire burns you!
* * * LOW HITPOINT WARNING * * *
You shake off some of the fire as you move.
The liquid fire burns you!
* * * LOW HITPOINT WARNING * * *
There is a stone staircase leading up here.
The liquid fire burns you!
You die...

. ##### #### ..
##...## ###@.## ...
##.....#
#.....##########...#
##..##..#
##..###B.##.........#
#..###..# #..##
##...######..##
###.## #..# #..#
##### .# #..## #..#
#..# .B ..## #.##
#..# . ..# #.## #..#
..## #..###..#


You could see a bombardier beetle.

Vanquished Creatures
  A dart slug (D:1)
  An orc (D:3)
  3 ball pythons
  4 bats
  2 endoplasms (D:1)
  A giant cockroach (D:2)
  7 goblins
  7 hobgoblins
  3 kobolds
  3 quokkas (D:1)
  5 frilled lizards
  5 rats
42 creatures vanquished.

Notes
Turn   | Place    | Note
-------+----------+-------------------------------------------
     0 | D:1      | Lochraine the Merfolk Ice Elementalist began the quest for
                  | the Orb.
     0 | D:1      | Reached XP level 1. HP: 13/13 MP: 3/3
   226 | D:1      | Reached XP level 2. HP: 19/19 MP: 1/5
   664 | D:1      | Reached XP level 3. HP: 24/24 MP: 2/6
   864 | D:1      | Reached skill level 5 in Ice Magic
   871 | D:1      | Learned a level 3 spell: Frozen Ramparts
  1323 | D:2      | Found a broken altar of Ashenzari.
  1414 | D:2      | Learned a level 3 spell: Ozocubu's Armour
  1492 | D:2      | You fall into a shaft and drop 2 floors!
  1645 | D:2      | Noticed Sigmund
  1981 | D:3      | Found a runed translucent door.
  1987 | D:3      | Noticed Bliebski's ghost (amateur OpCK)
  2921 | D:4      | Incinerated by a bombardier beetle

Illustrated notes

Levels and vault maps discovered:
D:1:      dpeg_arrival_arbitrary_c, layout_loops_ring
D:2:      layout_basic, basic_altar, uniq_crazy_yiuf_cottage, uniq_sigmund
D:3:      layout_basic, ebering_ghost_reflecting_pool
D:4:      cheibrodos_greedy_goblins, layout_layer_cave, lemuel_crystal_altar,
          serial_shops, shop, hangedman_decor_lopped, minmay_misc_feat_tiny

Skill      XL: |  1  2  3 |
---------------+----------+-----
Ice Magic      | 5 |  5.1
Spellcasting   | 3 |  3.0
Dodging        | |  2.6
Stealth        | |  2.1

Action                     || total
---------------------------++-------
  Melee: Unarmed           ||    18
         Dagger            ||    38
   Cast: Freeze            ||    52
         Ozocubu's Armour  ||     1
    Use: Scroll            ||     3
   Stab: Sleeping          ||     5
 Armour: Robe              ||    47
  Dodge: Dodged            ||    55

Table legend: (Time is in decaauts)
 A = Elapsed time spent in this place.
 B = Non-inter-level travel time spent in this place.
 C = Inter-level travel time spent in this place.
 D = Time resting spent in this place.
 E = Time spent auto-exploring this place.
 F = Levels seen in this place.
 G = Mean time per level.
                   A        B        C        D        E       F      G
               +--------+--------+--------+--------+--------+-----+--------+
         Total |   2923 |   2738 |    185 |     30 |   2082 |   4 |  730.8 |
       Dungeon |   2923 |   2738 |    185 |     30 |   2082 |   4 |  730.8 |
               +--------+--------+--------+--------+--------+-----+--------+

Top non-repeatable levels by time:
     D:1: 1341 daAuts
     D:2: 986 daAuts
     D:3: 516 daAuts
     D:4: 79 daAuts
